Map: Arctic Flowers LE

Players

Kengui - Winner!

  • Race: Terran Terran
  • League: Silver
  • Spawn Location: 7:00

jacm - Winner!

  • Race: Protoss Protoss
  • Spawn Location: 7:00

iPlayDefense

  • Race: Terran Terran
  • Spawn Location: 1:00

Computer

  • Race: Terran Terran
  • Spawn Location: 1:00

VOD

Have the link to the VOD?

Description

Time

  • Played on: April 12, 2025, 12:57 a.m.
  • Length: 18:06
Show
View Real Time Build Order
Export as new Build Order

Kengui Terran - Winner!

Build Orders:  

Get SALT Encoding   

  12  0:00  SCV  
  13  0:19  Supply Depot  
  13  0:22  SCV  
  14  0:35  SCV  
  14  0:40  Refinery  
  15  0:47  Barracks  
  15  0:54  SCV  
  16  1:07  SCV  
  17  1:17  Refinery  
  17  1:19  SCV  
  18  1:31  SCV  
  18  1:32  Barracks  
  19  1:39  Barracks Reactor  
  19  1:43  SCV  
  20  1:55  SCV  
  21  2:02  Factory  
  21  2:07  SCV  
  22  2:19  Orbital Command  
  22  2:22  Barracks Reactor  
  22  2:39  Command Center  
  22  2:49  Supply Depot  
  22  2:51  Factory Tech Lab  
  22  3:03  Supply Depot  
  22  3:08  SCV  
  23  3:20  SCV  
  24  3:30  Marine  
  24  3:31  Marine x3  
  28  3:42  Siege Tank  
  31  3:53  Supply Depot, Refinery  
  31  3:55  Marine x2  
  32  4:01  SCV x2  
  35  4:13  SCV x2  
  35  4:15  Marine  
  35  4:16  Marine x2  
  40  4:20  Refinery  
  40  4:29  Factory  
  40  4:39  Supply Depot  
  40  4:42  Marine x3  
  40  4:43  Marine  
  44  4:50  Orbital Command  
  44  4:54  SCV  
  45  5:02  Starport  
  45  5:05  Marine x4  
  45  5:06  SCV  
  50  5:18  SCV  
  46  5:30  SCV  
  43  5:37  SCV  
  43  5:42  SCV  
  45  5:44  Siege Tank  
  45  5:46  Factory Tech Lab  
  45  5:49  SCV, Marine x3  
  51  5:50  Marine  
  51  5:54  SCV  
  54  6:00  Starport Reactor  
  54  6:01  SCV  
  55  6:06  SCV  
  56  6:13  SCV  
  58  6:25  SCV x2  
  58  6:26  Marine x2  
  58  6:27  Marine x2  
  58  6:28  Siege Tank, Command Center  
  66  6:51  Marine x2  
  66  6:52  Marine x2  
  66  6:53  Siege Tank  
  73  6:56  SCV x2  
  75  7:08  SCV x2  
  65  7:13  Marine x2  
  65  7:14  Marine x2  
  63  7:20  SCV x2  
  49  7:31  Marine x3  
  49  7:32  Marine  
  45  7:48  Siege Tank x2  
  45  7:49  Marine x4  
  55  7:51  SCV x2  
  57  8:03  SCV x2  
  59  8:07  Marine x4  
  59  8:09  Refinery  
  59  8:10  Orbital Command  
  63  8:22  Siege Tank x2  
  69  8:29  Medivac  
  69  8:30  Medivac  
  73  8:36  Refinery  
  73  8:42  Barracks  
  73  8:43  SCV x2  
  76  8:55  SCV x2  
  77  9:03  Marine x3  
  77  9:05  Siege Tank x2  
  77  9:08  SCV  
  87  9:20  SCV  
  81  9:32  SCV  
  64  9:41  Marine x2  
  64  9:42  Marine x2  
  64  9:44  SCV  
  64  9:45  Barracks Reactor  
  69  9:56  SCV  
  69  9:59  Marine  
  71  10:08  Siege Tank x2  
  71  10:09  Marine  
  71  10:10  Marine x2  
  80  10:17  Marine  
  81  10:27  Marine x2  
  81  10:28  Marine  
  84  10:30  Marine x2  
  84  10:35  Marine  
  87  10:40  Siege Tank x2  
  93  10:55  Supply Depot  
  93  10:56  Supply Depot  
  93  10:58  Supply Depot x2  
  93  11:00  Supply Depot  
  93  11:16  Marine x2  
  93  11:17  Siege Tank x2, Marine  
  102  11:18  SCV  
  103  11:30  SCV  
  104  11:38  Supply Depot x2  
  104  11:42  SCV  
  105  11:47  Starport  
  105  11:50  Starport  
  105  11:53  Starport  
  105  12:01  Supply Depot x2  
  105  12:12  SCV  
  106  12:24  SCV  
  106  12:25  Marine x2  
  106  12:26  Marine x4  
  106  12:27  Starport  
  113  12:33  Command Center  
  113  12:42  Starport Tech Lab x3  
  113  13:30  Starport Tech Lab  
  113  13:32  Viking x2  
  113  13:33  Banshee x3  
  121  14:02  Viking x2  
  125  14:04  Refinery  
  124  14:16  Viking  
  126  14:31  Refinery  
  126  14:35  Starport  
  126  14:38  Starport  
  126  14:57  Armory  
  126  14:59  Armory  
  126  15:02  Fusion Core  
  126  15:16  Starport  
  126  15:39  Starport Tech Lab x2  
  126  15:57  Starport Tech Lab, Command Center  
  126  15:59  Viking x3  
  126  16:00  Banshee x4  
  144  16:05  Weapon Refit  
  144  16:06  Terran Ship Weapons Level 1  
  144  16:07  Terran Vehicle And Ship Armor Level 1  
  144  16:29  Battlecruiser  
  150  16:43  Battlecruiser  
  156  16:54  Battlecruiser x3  
  174  16:55  Battlecruiser  
Show
View Real Time Build Order
Export as new Build Order

jacm Protoss - Winner!

Build Orders: Carriers 

Get SALT Encoding   

  12  0:00  Probe  
  13  0:08  Probe  
  14  0:21  Pylon  
  14  0:41  Gateway  
  14  0:44  Probe  
  15  0:56  Probe  
  16  1:05  Pylon  
  16  1:08  Assimilator, Probe  
  17  1:20  Probe  
  18  1:31  Pylon  
  18  1:32  Probe  
  19  1:33  Cybernetics Core  
  19  1:43  Probe  
  20  1:51  Assimilator, Probe  
  20  1:59  Probe  
  20  2:00  Pylon  
  22  2:10  Probe  
  23  2:23  Probe  
  23  2:28  Protoss Air Weapons Level 1  
  24  2:35  Probe  
  25  2:47  Probe  
  26  3:03  Nexus  
  26  3:08  Probe  
  26  3:09  Assimilator  
  27  3:16  Probe  
  27  3:24  Pylon  
  27  3:25  Probe  
  28  3:27  Pylon  
  28  3:32  Pylon  
  29  3:36  Pylon  
  29  3:38  Probe  
  30  4:14  Probe  
  30  4:18  Assimilator  
  30  4:23  Probe  
  32  4:32  Probe  
  32  4:37  Protoss Air Armor Level 1  
  33  4:44  Probe  
  34  4:46  Nexus  
  34  4:48  Assimilator  
  34  4:50  Probe  
  34  4:56  Probe  
  34  4:58  Probe  
  37  5:08  Probe x2  
  39  5:20  Probe x2  
  41  5:22  Stargate  
  41  5:23  Stargate  
  41  5:25  Stargate  
  41  5:30  Stargate  
  41  5:32  Probe x2  
  41  5:33  Stargate  
  43  5:40  Stargate  
  43  5:59  Probe  
  43  6:02  Assimilator  
  44  6:07  Probe  
  44  6:17  Probe  
  46  6:29  Probe  
  47  6:38  Stargate  
  47  6:41  Probe  
  47  6:44  Probe  
  48  6:52  Probe  
  49  6:57  Pylon  
  50  7:01  Pylon  
  50  7:02  Probe  
  50  7:03  Pylon  
  59  7:09  Pylon  
  59  7:13  Void Ray  
  59  7:14  Void Ray x2, Probe  
  59  7:15  Void Ray  
  76  7:16  Void Ray  
  76  7:17  Void Ray  
  76  7:21  Stargate  
  69  7:45  Probe  
  70  7:53  Probe  
  71  8:03  Probe  
  72  8:06  Fleet Beacon  
  72  8:15  Probe  
  72  8:18  Pylon  
  73  8:20  Pylon  
  73  8:23  Pylon  
  73  8:26  Pylon  
  73  8:29  Pylon  
  73  8:32  Pylon  
  73  8:38  Pylon  
  73  8:44  Pylon  
  73  8:46  Pylon  
  73  9:01  Probe  
  73  9:09  Probe  
  74  9:14  Carrier x2  
  74  9:15  Carrier x3  
  105  9:18  Probe  
  105  9:22  Carrier  
  112  9:30  Probe  
  109  9:42  Probe  
  110  9:52  Carrier  
  116  9:53  Carrier  
  122  10:38  Tempest  
  122  10:39  Tempest  
  122  10:40  Tempest  
  134  10:42  Tempest  
  138  11:12  Tempest  
  138  11:13  Tempest  
  138  11:14  Tempest  
  156  11:54  Carrier x2  
  156  11:55  Carrier  
  156  11:59  Carrier  
  174  12:14  Pylon  
  174  12:20  Probe  
  175  12:28  Protoss Air Armor Level 2  
  175  12:32  Probe  
  176  12:45  Carrier  
  176  12:46  Carrier  
  188  12:52  Carrier  
  194  13:25  Carrier  
  200  13:49  Nexus  
  200  14:42  Unknown, Flux Vanes  
  200  14:43  Protoss Air Weapons Level 2  
  200  14:46  Assimilator  
  200  15:36  Assimilator  
Show
View Real Time Build Order
Export as new Build Order

iPlayDefense Terran 

Build Orders:  

Get SALT Encoding   

  12  0:00  SCV  
  13  0:13  SCV  
  14  0:20  Supply Depot  
  14  0:30  Refinery  
  14  0:32  SCV  
  15  0:44  SCV  
  15  0:48  Barracks  
  16  0:56  Barracks  
  16  0:57  SCV  
  17  1:35  Orbital Command, Barracks Reactor  
  17  1:39  Supply Depot  
  17  1:43  Barracks Reactor  
  17  1:45  Barracks  
  17  2:11  Engineering Bay  
  17  2:20  Marine  
  17  2:21  Marine x3  
  21  2:38  Marine  
  21  2:39  Barracks Tech Lab, Marine x3  
  21  2:40  Barracks  
  21  2:41  Terran Infantry Weapons Level 1  
  25  2:46  Supply Depot  
  25  2:56  Marine x4  
  29  2:59  Combat Shield  
  29  3:13  Marine  
  29  3:14  Marine x4  
  34  3:31  Marine x2, Barracks Reactor  
  34  3:32  Marine x3  
  39  3:56  Supply Depot  
  39  4:17  Marine x7  
  39  4:18  Supply Depot, Stimpack  
  46  4:35  Marine x7  
  53  4:40  Supply Depot  
  53  4:53  Marine x7  
  60  5:05  Supply Depot  
  60  5:11  Marine x7  
  54  5:28  Marine x2  
  54  5:29  Supply Depot, Marine x5  
  52  5:46  Marine x7  
  59  5:51  Supply Depot  
  59  5:57  Terran Infantry Armor Level 1  
  59  6:01  Refinery  
  59  6:02  SCV  
  60  6:04  Marine x7  
  67  6:14  SCV  
  68  6:22  Marine x7  
  75  6:29  Command Center  
  75  6:40  Marine x7  
  82  6:58  Marine x7  
  67  7:15  Marine  
  55  7:33  Marine  
  55  7:34  Marine x6  
  59  7:41  SCV  
  56  7:51  Marine x2  
  56  7:52  Marine x5  
  56  7:53  SCV  
  64  8:01  Factory  
  65  8:05  SCV  
  65  8:09  Marine x5  
  65  8:10  Supply Depot, Marine x2  
  72  8:17  SCV  
  73  8:22  SCV  
  74  8:27  Marine x7  
  74  8:29  SCV  
  74  8:32  Supply Depot  
  82  8:34  SCV  
  83  8:44  Marine  
  83  8:45  Marine x6  
  83  8:46  SCV  
  91  8:50  SCV  
  91  8:54  Factory Tech Lab  
  91  8:55  Supply Depot  
  92  8:58  SCV  
  92  8:59  Starport  
  92  9:02  SCV, Marine  
  94  9:03  Marine x6  
  101  9:10  SCV  
  101  9:14  SCV  
  103  9:20  Marine  
  103  9:21  Marine x6  
  109  9:26  SCV  
  70  9:38  SCV  
  70  9:39  Marine x2  
  70  9:40  Marine x5  
  70  9:45  Starport Reactor  
  69  9:46  Siege Tank  
  72  9:56  Marine  
  72  9:57  Supply Depot, Marine  
  72  9:58  Marine x5  
  79  10:07  SCV  
  80  10:14  Marine  
  80  10:15  Marine  
  80  10:16  Marine x5  
  80  10:18  Siege Tank  
  80  10:19  SCV  
  80  10:20  Supply Depot  
  91  10:22  Medivac x2  
  95  10:31  SCV  
  95  10:32  Marine  
  95  10:33  Marine x6  
  95  10:35  Armory  
  103  10:43  SCV  
  103  10:45  Supply Depot  
  104  10:50  Siege Tank, Marine  
  104  10:51  Marine x6  
  104  10:52  Medivac x2  
  104  10:55  SCV  
  119  11:07  Supply Depot  
  119  11:08  Marine x2  
  119  11:09  Marine x4  
  125  11:22  Siege Tank, Medivac x2  
  132  11:28  Terran Vehicle Weapons Level 1  
  132  11:29  Supply Depot  
  132  11:31  Terran Infantry Weapons Level 2  
  132  11:32  Marine  
  132  11:33  Marine x6  
  139  11:50  Marine  
  139  11:51  Marine  
  139  11:52  Supply Depot  
  141  11:54  Siege Tank, Viking x2  
  148  12:16  Supply Depot  
  148  12:24  Viking x2  
  148  12:26  Siege Tank  
  155  12:39  Supply Depot  
  155  12:54  Viking x2  
  159  12:58  Thor  
  159  13:03  Supply Depot  
  165  13:22  Terran Vehicle And Ship Armor Level 1  
  165  13:24  Viking x2  
  169  13:41  Thor  
  169  13:47  Terran Infantry Armor Level 2  
  175  14:18  Missile Turret  
  175  14:24  Thor  
  175  14:29  Missile Turret  
  181  14:38  Missile Turret  
  181  14:48  Missile Turret  
  181  14:58  Missile Turret  
  181  15:01  Refinery  
  181  15:07  Thor, Missile Turret  
  187  15:17  Terran Ship Weapons Level 1  
  187  15:18  Missile Turret  
  187  15:26  Missile Turret  
  187  15:37  Missile Turret  
  187  15:46  Missile Turret  
  187  15:50  Thor  
  187  15:57  Missile Turret  
  193  16:06  Missile Turret  
  193  16:16  Missile Turret  
  193  16:26  Missile Turret  
  193  16:35  Missile Turret  
  193  16:54  Missile Turret  
  193  16:55  Missile Turret  
  193  17:14  Missile Turret  
  193  17:15  Missile Turret  
  193  17:18  Command Center  
  193  17:33  Missile Turret  
  193  17:34  Missile Turret  
  181  17:52  Missile Turret  
  181  17:55  Missile Turret  
Show
View Real Time Build Order
Export as new Build Order

Computer Terran 

Build Orders:  

Get SALT Encoding   

  12  4:00  Refinery  
  12  4:01  Refinery  
  12  4:03  SCV  
  13  4:15  SCV  
  14  4:27  SCV  
  15  5:52  Supply Depot  
  15  6:13  SCV  
  15  6:15  Supply Depot  
  16  6:26  SCV  
  17  6:38  Supply Depot  
  17  6:41  SCV  
  18  6:53  SCV  
  19  7:45  SCV  
  20  7:57  SCV  
  21  15:39  Command Center  
  21  16:53  Engineering Bay  
  21  17:36  Command Center  
Tags
 
Composition
Carriers
League
Silver
Replay Pack
DaveSC2
Add a new tag
Caveats
  • Supply blocks, unpowered buildings, or Contaminate may cause inaccurate times.
  • Supply counts are checked every 10 seconds.